 Dungeon Crawl Stone Soup version 0.26-a0-683-g5206c1d7ac (webtiles) character file.

Game seed: 15387971879438614741

777 strifetoe the Cleaver (level 7, -1/90 HPs)
             Began as a Palentonga Fighter on Oct 23, 2020.
             Was a Believer of Okawaru.
             Succumbed to a water moccasin's poison
             ... on level 4 of the Dungeon.
             The game lasted 00:05:41 (3982 turns).

strifetoe the Cleaver (Palentonga Fighter)          Turns: 3982, Time: 00:05:42

Health: -1/90      AC:  6    Str: 21    XL:     7   Next: 54%
Magic:  9/9        EV:  5    Int:  9    God:    Okawaru [**....]
Gold:   210        SH:  8    Dex:  9    Spells: 6/6 levels left

rFire    . . .     SeeInvis +   a - +0 war axe
rCold    . . .     Faith    .   c - +0 kite shield
rNeg     . . .     Spirit   .   b - +0 scale mail
rPois    .         Reflect  .   (no helmet)
rElec    .         Harm     .   (no cloak)
rCorr    .         Rampage  .   (no gloves)
MR       +....                  (no barding)
Stlth    ..........             (no amulet)
HPRegen  0.25/turn              h - ring of stealth
MPRegen  0.11/turn              t - ring of protection from magic

@: berserking, lethally poisoned (-1 -> -41), flying, very quick
A: large, rugged brown scales 3, see invisible, deformed body, roll, armoured
tail
a: Rolling Charge, Heroism, Renounce Religion


You were on level 4 of the Dungeon.
You worshipped Okawaru.
Okawaru was pleased with you.
You visited 1 branch of the dungeon, and saw 4 of its levels.

You collected 210 gold pieces.

Inventory:

Hand Weapons
 a - a +0 war axe (weapon)
Armour
 b - a +0 scale mail (worn)
 c - a +0 kite shield (worn)
Jewellery
 h - a ring of stealth (left hand)
 t - a ring of protection from magic (right hand)
Scrolls
 e - a scroll of teleportation {unknown}
 g - 4 scrolls of identify {unknown}
 i - a scroll of immolation {unknown}
 j - a scroll of enchant armour {unknown}
 k - a scroll of amnesia {unknown}
 l - a scroll of fog {unknown}
 o - 2 scrolls of magic mapping {unknown}
 q - a scroll of blinking {unknown}
Potions
 d - a potion of might
 n - a potion of brilliance {unknown}
 p - a potion of heal wounds {unknown}
 r - a potion of stabbing {unknown}
 s - 2 potions of curing {unknown}
 u - a potion of lignification {unknown}


   Skills:
 - Level 3.0 Fighting
 + Level 8.1 Axes
 - Level 2.4 Armour
 - Level 2.4 Shields
 - Level 3.1 Invocations


You had 6 spell levels left.
You didn't know any spells.
Your spell library contained the following spells:

 Spells                   Type           Power        Failure   Level
 Confusing Touch          Hex            #.......     100%        3
 Gell's Gravitas          Tloc           #.........   100%        3
 Petrify                  Tmut/Erth      #.......     100%        4
 Metabolic Englaciation   Hex/Ice        #.........   100%        5
 Yara's Violent Unravell  Hex/Tmut       #.........   100%        5


Dungeon Overview and Level Annotations

Branches:
Dungeon (4/15)
 Temple: D:4-7

Altars:
Okawaru
Ru


Innate Abilities, Weirdness & Mutations

You are completely covered in rugged brown scales. (AC +3, +7% HP)
You have supernaturally acute eyesight. (SInv)
Armour fits poorly on your strangely shaped body.
You can roll at foes to attack.
You have a long armoured tail.


Message History

You feel very sick. You block the water moccasin's attack.
The water moccasin barely misses you.
You closely miss the water moccasin.
The water moccasin is almost dead.
* * * LOW HITPOINT WARNING * * *
You feel very sick. You block the water moccasin's attack.
The water moccasin bites you.
* * * LOW HITPOINT WARNING * * *
You are more poisoned.
The water moccasin poisons you!
It was a potion of flight.
You feel very buoyant.
You fly up into the air.
* * * LOW HITPOINT WARNING * * *
You feel very sick.
The water moccasin bites you but does no damage.
It was a potion of berserk rage.
A red film seems to cover your vision as you go berserk!
You feel yourself moving faster!
You feel mighty!
You die...

#.# ... .. ...... .[
... ....###. ###
#..#####......
#.............. .# #
....#.....##..##†# #.#.
.....#.#.##...@S#.....
#...#.#.##...........
#........#.....##....
#.#.#.............$.#.#
#.......#####.##.#..# :
....#..........#.#..#
## #...#####..#.. .#
#<..#####..#.#...
##......#..#......


You could see a water moccasin.

Vanquished Creatures
  Sigmund (D:3)
  An ice beast (D:2)
  2 phantoms (D:4)
  An ogre (D:4)
  2 orc wizards (D:4)
  A worker ant (D:4)
  4 gnolls
  7 adders
  2 worms
  A dart slug (D:3)
  4 leopard geckos
  4 orcs
  2 ball pythons
  6 bats
  A bat zombie (D:1)
  7 giant cockroaches
  5 goblins
  7 hobgoblins
  10 jackals
  A ball python zombie (D:1)
  3 frilled lizards
  9 kobolds
  3 rats
84 creatures vanquished.

Notes
Turn   | Place    | Note
-------+----------+-------------------------------------------
     0 | D:1      | strifetoe the Palentonga Fighter began the quest for the
                  | Orb.
     0 | D:1      | Reached XP level 1. HP: 20/20 MP: 1/1
   119 | D:1      | Reached XP level 2. HP: 27/27 MP: 2/2
   360 | D:1      | Reached skill level 3 in Axes
   456 | D:1      | Found an iron altar of Okawaru.
   477 | D:1      | Became a worshipper of Warmaster Okawaru
   585 | D:1      | Reached XP level 3. HP: 23/33 MP: 3/3
  1463 | D:2      | Reached skill level 4 in Axes
  1564 | D:2      | Found a sacrificial altar of Ru.
  1697 | D:2      | Reached XP level 4. HP: 34/40 MP: 4/4
  2211 | D:3      | Noticed Sigmund
  2226 | D:3      | Killed Sigmund
  2226 | D:3      | Reached * piety under Okawaru
  2226 | D:3      | Reached skill level 6 in Axes
  2226 | D:3      | Reached XP level 5. HP: 25/48 MP: 5/5
  2397 | D:3      | Reached XP level 6. HP: 34/54 MP: 6/6
  2567 | D:3      | Noticed an ice beast
  2858 | D:2      | Killed an ice beast
  2858 | D:2      | Reached skill level 1 in Invocations
  3491 | D:4      | Reached skill level 7 in Axes
  3602 | D:4      | Reached XP level 7. HP: 38/60 MP: 7/9
  3714 | D:4      | Reached ** piety under Okawaru
  3714 | D:4      | Reached skill level 8 in Axes
  3981 | D:4      | HP: 1/60 [poisoned by a water moccasin]
  3982 | D:4      | Succumbed to a water moccasin's poison

Illustrated notes

Levels and vault maps discovered:
D:1:      saegor_arrival_fortress, layout_basic, okawaru_ov_weapons_minmay
D:2:      layout_rooms, old_standard_altar
D:3:      layout_rooms, moated_statue, uniq_sigmund
D:4:      layout_basic, minmay_temple_entry_proselytizer,
          hellmonk_ghost_happy_afterlife, corexii_hall_statues_u, uniq_edmund

Skill      XL: |  1  2  3  4  5  6  7 |
---------------+----------------------+-----
Axes           | 3 4 6 7 8 |  8.1
Invocations    | 3 |  3.1
Fighting       | |  3.0
Armour         | |  2.4
Shields        | |  2.4

Action                   |  1- 3 |  4- 6 |  7- 9 || total
-------------------------+-------+-------+-------++-------
Melee: War axe           |   111 |   100 |    48 ||   259
       Tailslap          |    15 |    14 |     5 ||    34
Invok: Heroism           |       |       |     1 ||     1
  Use: Potion            |       |       |     2 ||     2
Armor: Scale mail        |    63 |    63 |    13 ||   139
Dodge: Dodged            |    38 |    27 |    15 ||    80
Block: Kite shield       |    51 |    66 |    24 ||   141

Table legend: (Time is in decaauts)
 A = Elapsed time spent in this place.
 B = Non-inter-level travel time spent in this place.
 C = Inter-level travel time spent in this place.
 D = Time resting spent in this place.
 E = Time spent auto-exploring this place.
 F = Levels seen in this place.
 G = Mean time per level.
                   A        B        C        D        E       F      G
               +--------+--------+--------+--------+--------+-----+--------+
         Total |   4060 |   3972 |     88 |   1412 |   1942 |   4 | 1015.0 |
       Dungeon |   4060 |   3972 |     88 |   1412 |   1942 |   4 | 1015.0 |
               +--------+--------+--------+--------+--------+-----+--------+

Top non-repeatable levels by time:
     D:2: 1393 daAuts
     D:1: 1142 daAuts
     D:3: 998 daAuts
     D:4: 525 daAuts
